 Dungeon Crawl Stone Soup version 0.25-a0-713-g4845790 (webtiles) character file.

Game seed: 9651973297089002172, levelgen mode: deterministic

89 BlueFish the Magician (level 4, 0/31 HPs)
             Began as a Mummy Wizard on Apr 5, 2020.
             Slain by a gnoll
             ... wielding a +0 flail
              (3 damage)
             ... on level 3 of the Dungeon.
             The game lasted 00:05:03 (2530 turns).

BlueFish the Magician (Mummy Wizard)                Turns: 2530, Time: 00:05:03

Health: 0/31       AC:  2    Str: 10    XL:     4   Next: 31%
Magic:  0/11       EV: 12    Int: 18    God:
Gold:   123        SH:  0    Dex: 10    Spells: 4/14 levels left

rFire    x . .     SeeInvis .   c - +0 spear
rCold    + . .     Gourm    .   (no shield)
rNeg     + + +     Faith    .   a - +0 robe
rPois    ∞         Spirit   .   b - +0 hat
rElec    .         Reflect  .   (no cloak)
rCorr    .         Harm     .   (no gloves)
MR       .....                  (no boots)
Stlth    +.........             (no amulet)
HPRegen  0.10/turn              f - ring of attention (curse)
MPRegen  0.12/turn              (no ring)

@: no status effects
A: no food or potions, fire vulnerability, cold resistance 1, negative energy
resistance 3, torment resistance, unbreathing
a: no special abilities


You were on level 3 of the Dungeon.
You were not hungry.

You visited 1 branch of the dungeon, and saw 3 of its levels.

You collected 123 gold pieces.

Inventory:

Hand Weapons
 c - a +0 spear (weapon)
Armour
 a - a +0 robe (worn)
 b - a +0 hat (worn)
Jewellery
 f - a cursed ring of attention (left hand)
Scrolls
 d - a scroll of fog
 e - a scroll of amnesia
 h - a scroll of blinking
 i - a scroll of remove curse {unknown}


   Skills:
 * Level 0.7 Fighting
 * Level 0.4 Polearms
 * Level 1.6 Dodging
 * Level 1.8 Stealth
 * Level 5.7 Spellcasting
 + Level 1.1 Conjurations
 + Level 0.7 Summonings
 + Level 0.7 Translocations
 + Level 0.5 Poison Magic


You had 4 spell levels left.
You knew the following spells:

 Your Spells              Type           Power        Failure   Level  Hunger
a - Magic Dart            Conj           #...         8%          1    N/A
b - Blink                 Tloc           N/A          14%         2    N/A
c - Call Imp              Summ           #.......     14%         2    N/A
d - Slow                  Hex            #.......     19%         2    N/A
e - Mephitic Cloud        Conj/Pois/Air  #.......     30%         3    N/A

Your spell library contained the following spells:

 Spells                   Type           Power        Failure   Level  Hunger
 Conjure Flame            Conj/Fire      #.......     30%         3    N/A

Dungeon Overview and Level Annotations

Branches:
Dungeon (3/15)

Altars:

Annotations:
D:3 1 transporter


Innate Abilities, Weirdness & Mutations

You do not eat or drink.
Your flesh is vulnerable to fire.
You are immune to poison.
Your flesh is cold resistant. (rC+)
You are immune to negative energy. (rN+++)
You are immune to unholy pain and torment.
You can survive without breathing.


Message History

Casting: Mephitic Cloud (safe; 30% risk of failure)
Confirm with . or Enter, or press ? or * to list all spells.
Aiming: Slow (safe; 19% risk of failure)
Press: ? - help, Shift-Dir - straight line, f - gnoll
Aim: a gnoll, wielding a +0 flail (chance to defeat MR: 48%)
Okay, then.
Casting: Slow (safe; 19% risk of failure)
Confirm with . or Enter, or press ? or * to list all spells.
You don't have enough magic to cast that spell.
Casting: Slow (safe; 19% risk of failure)
Confirm with . or Enter, or press ? or * to list all spells.
Aiming: Mephitic Cloud (safe; 30% risk of failure)
Press: ? - help, Shift-Dir - straight line, f - gnoll
Aim: a gnoll, wielding a +0 flail The ball explodes into a vile cloud!
The stinking cloud engulfs the gnoll but does no damage.
The stinking cloud engulfs you but does no damage.
The gnoll is engulfed in noxious fumes.
The gnoll appears confused.
The gnoll hits you with a +0 flail.
You die...

#..#..#.#
+/©#©...#
#..#....# #.# #)#
#)# #.# #g#
################@#
.................#
.#################
.# .# ##


You could see a gnoll (confused).

Vanquished Creatures
  2 gnolls (D:3)
  2 adders
  3 oozes
  2 leopard geckos
  An orc (D:3)
  A ball python (D:1)
  5 giant cockroaches
  3 goblins
  2 hobgoblins
  7 kobolds
  5 bats
  2 rats (D:3)
35 creatures vanquished.

Notes
Turn   | Place    | Note
-------+----------+-------------------------------------------
     0 | D:1      | BlueFish the Mummy Wizard began the quest for the Orb.
     0 | D:1      | Reached XP level 1. HP: 13/13 MP: 5/5
   126 | D:1      | Reached XP level 2. HP: 14/19 MP: 1/7
   793 | D:1      | Reached skill level 5 in Spellcasting
  1202 | D:2      | Reached XP level 3. HP: 17/25 MP: 4/9
  1206 | D:2      | Learned a level 2 spell: Blink
  1209 | D:2      | Learned a level 2 spell: Call Imp
  1212 | D:2      | Learned a level 2 spell: Slow
  1216 | D:2      | Learned a level 3 spell: Mephitic Cloud
  1988 | D:3      | Reached skill level 1 in Conjurations
  2449 | D:3      | Reached XP level 4. HP: 31/31 MP: 6/11
  2488 | D:3      | Found a transporter.
  2530 | D:3      | Slain by a gnoll

Levels and vault maps discovered:
D:1:      dpeg_arrival_solitude, layout_basic, minmay_misc_feat_hallway
D:2:      layout_loops_ring, minmay_pentomino_s2
D:3:      gammafunk_steamed_eel, layout_basic, first_ration

Skill      XL: |  1  2  3 |
---------------+----------+-----
Spellcasting   | 5 |  5.7
Conjurations   | 1 |  1.1
Fighting       | |  0.7
Polearms       | |  0.4
Dodging        | |  1.6
Stealth        | |  1.8
Summonings     | |  0.7
Translocations | |  0.7
Poison Magic   | |  0.5

Action                   |  1- 3 |  4- 6 || total
-------------------------+-------+-------++-------
Melee: Dagger            |    15 |       ||    15
       Spear             |    21 |    24 ||    45
 Cast: Magic Dart        |    98 |     5 ||   103
       Mephitic Cloud    |       |     3 ||     3
       Slow              |       |     1 ||     1
  Use: Scroll            |     4 |       ||     4
Armor: Robe              |    13 |     1 ||    14
Dodge: Dodged            |    41 |     5 ||    46

Table legend:
 A = Non-vault XP
 B = Vault XP
 C = Vault XP percentage of total XP
 D = Non-vault monster count
 E = Vault monster count
 F = Vault count percentage of total count
                 A         B        C        D         E       F
            +---------+---------+-------+---------+---------+-------
      Total |     127 |       1 |   0.8 |      34 |       1 |   2.9
            +---------+---------+-------+---------+---------+-------
        D:1 |      33 |       0 |   0.0 |      14 |       0 |   0.0
        D:2 |      22 |       1 |   4.3 |       6 |       1 |  14.3
        D:3 |      72 |       0 |   0.0 |      14 |       0 |   0.0
            +---------+---------+-------+---------+---------+-------
